 Dungeon Crawl Stone Soup version 0.21.0-3-g78d12a8 (webtiles) character file.

7468 Monsterracer the Slicer (level 11, -8/68 HPs)
             Began as a Kobold Assassin on Jan 16, 2018.
             Was a Follower of Uskayaw.
             Killed by divine providence
             ... invoked by an orc priest
              (13 damage)
             ... on level 9 of the Dungeon.
             The game lasted 00:36:33 (13361 turns).

Monsterracer the Slicer (Kobold Assassin)          Turns: 13361, Time: 00:36:33

Health: -8/68      AC: 12    Str: 12    XL:     11   Next: 37%
Magic:  24/24      EV: 18    Int: 13    God:    Uskayaw [*.....]
Gold:   821        SH:  0    Dex: 19    Spells: 6/10 levels left

rFire    + . .     SeeInvis .   b - +2 dagger (venom)
rCold    + . .     Gourm    .   (shield restricted)
rNeg     . . .     Faith    .   B - +0 ring mail {rF+}
rPois    .         Spirit   .   D - +0 helmet
rElec    +         Reflect  .   d - +1 cloak
rCorr    .         Harm     .   J - +1 pair of gloves of the Worm {+Blink rElec}
MR       .....                  v - +1 pair of boots
Stlth    ++++......             (no amulet)
HPRegen  0.21/turn              p - ring of protection from cold {!d}
MPRegen  0.19/turn              M - ring "Luapoir" {MP+9 Str+3}

@: no status effects
A: small, carnivore
a: Stomp, Renounce Religion, Evoke Blink


You were on level 9 of the Dungeon.
You worshipped Uskayaw.
Uskayaw was noncommittal.
You were completely stuffed.

You visited 2 branches of the dungeon, and saw 10 of its levels.
You also visited: Ossuary.

You collected 821 gold pieces.

Inventory:

Hand Weapons
 a - a +3 short sword of flaming
 b - a +2 dagger of venom (weapon)
 e - a +0 rapier of draining
 w - a +0 blowgun
Missiles
 f - 2 curare-tipped needles
 h - 2 throwing nets (quivered)
 k - 4 needles of sleeping
 m - 26 poisoned needles
Armour
 d - a +1 cloak (worn)
 v - a +1 pair of boots (worn)
 B - a +0 ring mail of fire resistance (worn)
 D - a +0 helmet (worn)
 J - the +1 pair of gloves of the Worm (worn) {+Blink rElec}
   (You found it on level 7 of the Dungeon)

   It insulates you from electricity.
   It lets you blink.
Jewellery
 p - a ring of protection from cold (left hand) {!d}
 E - an uncursed ring of positive energy {!d}
 M - the ring "Luapoir" (right hand) {MP+9 Str+3}
   (You took it off an orc on level 9 of the Dungeon)

   [ring of strength]

   It affects your strength (+3).
   It affects your magic capacity (+9).
Wands
 t - a wand of paralysis (11)
Scrolls
 q - a scroll of enchant weapon
 r - 6 scrolls of teleportation
 s - 9 scrolls of remove curse
 y - 2 scrolls of magic mapping {!r}
 z - a scroll of fog
 C - a scroll of brand weapon
 F - a scroll of amnesia
 H - a scroll of identify
 K - 2 scrolls of fear {!r}
Potions
 c - 4 potions of brilliance
 i - 8 potions of curing
 j - 3 potions of lignification
 l - 2 potions of heal wounds
 n - 3 potions of might
 o - a potion of ambrosia {!q}
 u - 3 potions of haste
 x - 4 potions of mutation {!q}
 A - a potion of resistance
 G - a potion of agility
Books
 I - a book of Party Tricks

   Spells                             Type                      Level
   a - Summon Butterflies             Summoning                    1
   b - Apportation                    Translocation                1
   c - Lesser Beckoning               Translocation                3
   d - Tukima's Dance                 Hexes                        3
   e - Alistair's Intoxication        Transmutation/Poison         5
   f - Invisibility                   Hexes                        6
Comestibles
 g - 24 rations


   Skills:
 + Level 7.8 Fighting
 * Level 12.5 Short Blades
 + Level 6.8 Throwing
 + Level 7.0 Dodging
 + Level 10.9 Stealth
 + Level 5.8 Invocations


You had 6 spell levels left.
You knew the following spells:

 Your Spells              Type           Power        Failure   Level  Hunger
e - Blink                 Tloc           N/A          71%         2    ###....
v - Summon Butterflies    Summ           #.......     56%         1    ##.....
z - Apportation           Tloc           #.....       56%         1    ##.....


Dungeon Overview and Level Annotations

Branches:
Dungeon (9/15)             Temple (1/1) D:6
   Lair: D:8-11         Orc: D:9-12

Altars:
Ashenzari
Elyvilon
Gozag
Makhleb
Okawaru
Ru
Uskayaw
Vehumet
The Shining One
Beogh

Shops:
D:5 :

Annotations:
D:7 Britaniac's ghost, novice MfIE


Innate Abilities, Weirdness & Mutations

You are small and have problems with some larger weapons.
You are carnivorous and can eat meat at any time.


Message History

You kill the orc!
No target in view!
No target in view!
You now have 810 gold pieces (gained 23).
Things that are here:
a morningstar; an orc corpse All of the chunks of flesh in your inventory have rotted away.
An orc warrior comes into view. It is wielding a trident of flaming.
An orc warrior is nearby!
You catch the helpless orc warrior completely off-guard!
You impale the orc warrior!! You burn the orc warrior!
You kill the orc warrior!
No target in view!
No target in view!
Things that are here:
a trident of flaming; a plate armour; an orc corpse The orc wizard is too close now for your liking.
The orc wizard misses you.
You hit the orc wizard. You burn the orc wizard.
The orc wizard is severely wounded.
You can now pass through a line of other dancers.
You hit the orc wizard. You burn the orc wizard.
You kill the orc wizard!
No target in view!
No target in view!
Things that are here:
a dagger; a robe You can no longer pass through a line of other dancers.
There is an open door here.
Things that are here:
a robe; a dagger
There is an open door, spattered with blood here.
There is an open door here.
You see here a club.
There is an escape hatch in the ceiling here.
You open the door.
A black bear comes into view.
Found 11 gold pieces.
There is an open door here.
The black bear growls angrily.
You barely miss the black bear. The black bear misses you.
The black bear barely misses you.
The black bear claws you but does no damage.
You hit the black bear. You burn the black bear.
The black bear is lightly wounded.
You hit the black bear. You burn the black bear.
The black bear is moderately wounded.
The black bear completely misses you. The black bear misses you.
The black bear completely misses you.
You hit the black bear. You burn the black bear.
The black bear is heavily wounded.
You puncture the black bear! You burn the black bear.
The black bear is almost dead.
The black bear bites you but does no damage.
The black bear completely misses you.
The black bear claws you but does no damage.
You can now pass through a line of other dancers.
You hit the black bear. You burn the black bear.
You kill the black bear!
You now have 821 gold pieces (gained 11).
You open the door.
A two-headed ogre comes into view. It is wielding two giant clubs.
You can no longer pass through a line of other dancers.
Found 15 gold pieces.
There is an open door here.
The two-headed ogre shouts in stereo!
You hear an angry hiss.
The two-headed ogre hits you with a giant club!!
The two-headed ogre misses you.
You take 25 damage, and have 43/68 hp.
MASSIVE DAMAGE!!
You are too injured to fight recklessly!
A two-headed ogre is nearby!
Your ring mail prevents you from hitting the two-headed ogre.
You hit the two-headed ogre but do no damage.
Your +3 short sword of flaming stops flaming.
Your +2 dagger of venom begins to drip with poison!
b - a +2 dagger of venom (weapon)
The two-headed ogre hits you with a giant club!
The two-headed ogre barely misses you.
You take 8 damage, and have 35/68 hp.
You hit the two-headed ogre.
The two-headed ogre is poisoned.
The two-headed ogre is lightly wounded.
Something bites the plant!
There is an open door here.
There is an open door here.
There is an escape hatch in the ceiling here.
The two-headed ogre looks more healthy.
You hit the two-headed ogre.
The two-headed ogre is poisoned.
The two-headed ogre is lightly wounded.
There is an open door here.
An orc comes into view.
There is an open door here.
The orc shouts!
The two-headed ogre looks more healthy.
The two-headed ogre hits you with a giant club!
* * * LOW HITPOINT WARNING * * *
The two-headed ogre hits you with a giant club!!
* * * LOW HITPOINT WARNING * * *
The orc priest calls down the wrath of Beogh upon you.
Beogh smites you!
You die...

......#
#.).......'..+.......
......####
#.........####.......
......'..# #.........#
#..).... ......##.#
#.........# #>.....<
......##.####.........#
#.......
.....>##....#.........#
#...<...
......#####.'...o..(..#
#....... ......#
###..O.o....# #.......
..)...# #...@.....#
#######' ###'###
######'#### ###. #.)#
#....# #... ####'###
###########.### ##'##
...)[..####..)..#.......#
#....
.......##...###.#.#####.#
#....
.......##.#.#..)#.....#.#
#....
.......#..###.###.#####.#
#....
.......#.##...#...#.....#
#....


You could see a two-headed ogre, an orc priest and an orc.

Vanquished Creatures
  A two-headed ogre (D:8)
  The ghost of Jatast the Archer, a novice CeAM of Okawaru (D:9)
  2 wraiths
  3 hungry ghosts
  2 ice beasts (D:9)
  A black bear (D:9)
  10 orc warriors
  5 phantoms
  2 necrophages
  5 ogres
  5 centaurs
  A big kobold (D:8)
  5 bullfrogs
  A wyvern zombie (D:7)
  3 elf skeletons (D:6)
  2 scorpions
  4 killer bees (D:8)
  4 wights (D:8)
  3 crimson imps
  3 jellies
  A quasit (D:9)
  Crazy Yiuf (D:6)
  2 hounds
  9 orc priests
  4 bullfrog skeletons
  3 centaur skeletons
  5 iguanas
  9 orc wizards
  2 human skeletons (D:6)
  3 worker ants
  2 killer bee zombies
  3 big kobold zombies (Ossuary)
  A hound zombie (D:9)
  A hound skeleton (D:5)
  3 mummies (Ossuary)
  3 gnolls (D:8)
  12 adders
  A white imp (D:8)
  An ooze (D:3)
  An adder zombie (D:9)
  3 adder skeletons
  3 worms
  4 dart slugs
  7 leopard geckos
  80 orcs
  A ball python (D:6)
  6 giant cockroaches
  20 goblins
  5 hobgoblins
  7 kobolds
  3 quokkas
  8 bats
  4 frilled lizards
  A goblin zombie (Ossuary)
  4 kobold zombies (Ossuary)
  2 leopard gecko skeletons
  A leopard gecko zombie (D:6)
  An orc skeleton (D:6)
  An orc zombie (Ossuary)
  4 rats
295 creatures vanquished.

Vanquished Creatures (others)
  A plant (D:9)
1 creature vanquished.

Grand Total: 296 creatures vanquished

Notes
Turn   | Place    | Note
-------+----------+-------------------------------------------
     0 | D:1      | Monsterracer the Kobold Assassin began the quest for the Orb.
     0 | D:1      | Reached XP level 1. HP: 12/12 MP: 1/1
   223 | D:1      | HP: 3/12 [leopard gecko (4)]
   230 | D:1      | HP: 1/12 [leopard gecko (3)]
   236 | D:1      | Reached skill level 3 in Short Blades
   607 | D:1      | Reached XP level 2. HP: 18/18 MP: 2/2
  1274 | D:1      | Reached XP level 3. HP: 22/22 MP: 3/3
  1388 | D:2      | HP: 11/22 [poisoned by a goblin]
  1756 | D:2      | Reached skill level 4 in Short Blades
  1864 | D:2      | HP: 11/22 [bat (1)]
  2140 | D:2      | Reached XP level 4. HP: 27/27 MP: 4/4
  2871 | D:3      | HP: 14/28 [poisoned by an adder]
  3085 | D:3      | Reached XP level 5. HP: 32/32 MP: 5/5
  3276 | D:3      | Reached skill level 5 in Short Blades
  4167 | D:4      | Noticed a phantom
  4259 | D:3      | Killed a phantom
  4259 | D:3      | Reached skill level 6 in Short Blades
  4259 | D:3      | Reached XP level 6. HP: 28/38 MP: 6/6
  4600 | D:5      | Entered Level 5 of the Dungeon
  4609 | D:5      | Found Fageyx's Book Emporium.
  4815 | D:5      | HP: 17/38 [iguana (9)]
  4821 | D:5      | HP: 4/38 [iguana (11)]
  4825 | D:5      | Reached XP level 7. HP: 5/43 MP: 7/7
  5194 | D:5      | Reached skill level 7 in Short Blades
  5284 | D:5      | Found a white marble altar of Elyvilon.
  5791 | D:4      | HP: 21/44 [ogre/giant club (8)]
  6101 | D:5      | Reached XP level 8. HP: 48/48 MP: 8/8
  6102 | D:5      | Found a sacrificial altar of Ru.
  6151 | D:5      | Found a shattered altar of Ashenzari.
  6328 | D:6      | Found a staircase to the Ecumenical Temple.
  6347 | Temple   | Entered the Ecumenical Temple
  6360 | Temple   | Became a worshipper of Uskayaw the Reveler
  6441 | D:6      | Reached skill level 8 in Short Blades
  6441 | D:6      | Reached * piety under Uskayaw
  6474 | D:6      | Reached skill level 5 in Fighting
  6474 | D:6      | Reached ** piety under Uskayaw
  6513 | D:6      | Learned a level 2 spell: Blink
  6694 | D:6      | HP: 22/49 [elf skeleton (3)]
  6696 | D:6      | Reached skill level 1 in Invocations
  6818 | D:6      | Found a sand-covered staircase.
  6862 | Ossuary  | Entered an ossuary
  6862 | Ossuary  | Noticed a wraith
  6862 | Ossuary  | Noticed a wraith
  6862 | Ossuary  | Noticed a wraith
  6958 | Ossuary  | Reached *** piety under Uskayaw
  7422 | Ossuary  | Noticed a wraith
  7424 | Ossuary  | Killed a wraith
  7424 | Ossuary  | Reached skill level 9 in Short Blades
  7424 | Ossuary  | Reached XP level 9. HP: 54/54 MP: 10/10
  7843 | D:6      | Found a runed door.
  8166 | D:6      | Noticed Crazy Yiuf
  8174 | D:6      | Killed Crazy Yiuf
  8178 | D:6      | Got a smoking mace
  8639 | D:6      | Reached skill level 10 in Short Blades
  9077 | D:7      | Reached **** piety under Uskayaw
  9200 | D:7      | Noticed Britaniac's ghost (novice MfIE)
  9422 | D:7      | Reached skill level 5 in Throwing
  9445 | D:7      | HP: 8/55 [orc warrior/glaive (20)]
  9452 | D:7      | Reached skill level 5 in Dodging
  9453 | D:7      | HP: 3/56 [bullfrog (6)]
  9755 | D:6      | Reached XP level 10. HP: 58/61 MP: 12/12
  9846 | D:7      | Got a pair of shimmering gloves
  9880 | D:7      | Identified the +1 pair of gloves of the Worm {+Blink rElec} (You found it on level 7 of the Dungeon)
  9884 | D:7      | Found a burning altar of Makhleb.
 10264 | D:8      | HP: 30/61 [poisoned by a killer bee]
 10433 | D:8      | Noticed a two-headed ogre
 10440 | D:8      | Killed a two-headed ogre
 10440 | D:8      | Reached skill level 11 in Short Blades
 10440 | D:8      | Reached skill level 10 in Stealth
 10558 | D:8      | Reached ***** piety under Uskayaw
 11108 | D:8      | HP: 29/63 [orc priest/nerve-wracking pain (6)]
 11674 | D:8      | Reached skill level 5 in Invocations
 11865 | D:8      | Got a smoking morningstar
 12079 | D:9      | Noticed Jatast's ghost (novice CeAM)
 12084 | D:9      | Learned a level 1 spell: Apportation
 12086 | D:9      | Learned a level 1 spell: Summon Butterflies
 12106 | D:9      | Killed Jatast's ghost
 12106 | D:9      | Reached skill level 12 in Short Blades
 12106 | D:9      | Reached XP level 11. HP: 50/67 MP: 14/14
 12469 | D:9      | Got a scorched silver ring
 12477 | D:9      | Identified the ring "Luapoir" {MP+9 Str+3} (You took it off an orc on level 9 of the Dungeon)
 12661 | D:9      | Found a radiant altar of Vehumet.
 12811 | D:9      | Found a roughly hewn altar of Beogh.
 12941 | D:9      | Found a roughly hewn altar of Beogh.
 13001 | D:9      | Reached ****** piety under Uskayaw
 13002 | D:9      | HP: 34/68 [orc warrior/flail (11)]
 13327 | D:9      | Noticed a two-headed ogre
 13361 | D:9      | HP: 25/68 [two-headed ogre/giant club (16)]
 13361 | D:9      | HP: 5/68 [two-headed ogre/giant club (20)]
 13361 | D:9      | Killed from afar by an orc priest

Skill      XL: |  1  2  3  4  5  6  7  8  9 10 11 |
---------------+----------------------------------+-----
Short Blades   | 3 4 6 7 9 10 12 | 12.5
Fighting       | 3 4 5 6 7 |  7.8
Stealth        | 6 7 8 9 10 | 10.9
Dodging        | 2 3 5 6 7 |  7.0
Throwing       | 3 5 6 |  6.8
Invocations    | 1 3 5 |  5.8

Action                   |  1- 3 |  4- 6 |  7- 9 | 10-12 || total
-------------------------+-------+-------+-------+-------++-------
Melee: Dagger            |   109 |   155 |   188 |    79 ||   531
       Short sword       |       |    33 |   336 |   379 ||   748
       Rapier            |       |       |       |    16 ||    16
Throw: Throwing net      |     2 |       |     1 |       ||     3
Invok: Stomp             |       |       |       |     8 ||     8
  Use: Scroll            |       |    11 |    11 |     2 ||    24
 Stab: Sleeping          |    10 |     8 |    23 |     8 ||    49
       Held in net/web   |     1 |       |     1 |       ||     2
       Paralysed         |       |       |     5 |    19 ||    24
       Distracted        |       |       |       |     4 ||     4
  Eat: Chunk             |    12 |     8 |    21 |    23 ||    64
Armor: Robe              |    29 |    12 |       |       ||    41
       Ring mail         |       |    23 |   136 |    83 ||   242
Dodge: Dodged            |    93 |   102 |   211 |   267 ||   673

Vault maps used:
D:1:      dpeg_arrival_ternary, hangedman_decor_clover_reticule,
          hangedman_abyss_or_decor_stabs
D:2:      first_ration, minmay_box_of_dots
D:3:      dk_vineyard_2
D:5:      lemuel_coloured_pillars_altar, elyvilon_altar_3, lemuel_round_altar,
          serial_shops, nicolae_shop_statue_plus, minmay_ogre_servants
D:6:      temple_green, nicolae_ossuary_entry_catacombs,
          corexii_item_surrounded_by_moat, minivault_1,
          kennysheep_generic_room_15, uniq_crazy_yiuf_cottage
D:7:      kennysheep_little_box
D:8:      minmay_fire_ice_demons
D:9:      marbit_many_paths, david_lair_shrubbed, special_room
Temple:   minmay_crystal_spiral_temple
Ossuary:  ossuary_kennysheep_city_of_the_dead
